Map: Ascension to Aiur LE

Players

Winthrowe - Winner!

  • Race: Terran Terran
  • League: Silver
  • Spawn Location: 5:00

A.I. 1 (Harder)

  • Race: Zerg Zerg
  • Spawn Location: 11:00

VOD

Have the link to the VOD?

Description

Time

  • Played on: Aug. 19, 2017, 7:33 p.m.
  • Length: 9:51
Show
View Real Time Build Order
Export as new Build Order

Winthrowe Terran - Winner!

Build Orders: MMM Bio 

Get SALT Encoding   

  12  0:01  SCV  
  13  0:17  Supply Depot  
  13  0:19  SCV  
  14  0:32  SCV  
  15  0:44  SCV, Supply Depot  
  16  0:55  Barracks  
  16  0:56  SCV  
  17  1:08  SCV  
  18  1:20  SCV  
  19  1:29  Refinery  
  19  1:32  SCV  
  20  1:43  Refinery  
  20  1:44  SCV  
  21  1:51  Command Center  
  21  2:06  Engineering Bay  
  21  2:09  Marine  
  21  2:15  SCV  
  23  2:26  Marine  
  23  2:27  SCV  
  25  2:36  Engineering Bay  
  25  2:39  SCV  
  26  2:44  Marine  
  27  2:51  Orbital Command  
  27  3:02  Marine  
  28  3:10  Planetary Fortress  
  28  3:20  SCV  
  29  3:29  Barracks  
  29  3:32  SCV  
  30  3:42  Barracks Tech Lab  
  30  3:44  SCV  
  30  3:48  Bunker  
  31  3:56  SCV x2  
  33  4:08  SCV  
  34  4:11  Combat Shields  
  34  4:18  Barracks Reactor  
  34  4:20  SCV  
  35  4:30  Factory  
  35  4:32  SCV  
  35  4:34  Supply Depot  
  36  4:40  Marauder  
  38  4:56  SCV x2  
  38  4:58  Supply Depot  
  40  5:08  SCV x2  
  42  5:17  Starport  
  42  5:18  Factory Tech Lab  
  42  5:20  SCV x2, Supply Depot  
  46  5:28  Marauder  
  46  5:29  Marine  
  46  5:30  Marine, Stimpack  
  46  5:32  SCV x2  
  50  5:43  Supply Depot  
  50  5:47  Marine, Infernal Pre-Igniter  
  50  5:48  Marine  
  54  5:50  Marauder  
  54  5:55  Armory  
  54  6:02  Hellion  
  56  6:05  Marine x2  
  56  6:10  Refinery  
  60  6:11  Marauder  
  60  6:19  Terran Infantry Weapons Level 1  
  60  6:21  Terran Infantry Armor Level 1  
  60  6:23  Marine x2  
  60  6:24  Hellion, Refinery  
  64  6:29  Medivac  
  68  6:32  Marauder  
  68  6:45  Supply Depot, Hellion  
  70  6:48  Marine x2  
  74  6:54  Marauder  
  74  7:00  Medivac  
  76  7:05  Marine  
  76  7:06  Marine, Hellion  
  76  7:08  Supply Depot  
  80  7:15  Marauder  
  82  7:23  Marine x2  
  82  7:28  Hellbat  
  86  7:31  Supply Depot, Concussive Shells  
  86  7:37  Marauder  
  86  7:41  Marine x2  
  83  7:49  Hellbat  
  80  7:56  Starport Reactor  
  80  7:58  Marauder  
  82  7:59  Marine x2  
  84  8:11  Hellbat  
  86  8:17  Marine x2  
  86  8:19  Marauder  
  90  8:32  Hellion  
  92  8:34  Marine, Medivac x2  
  92  8:35  Marine  
  92  8:41  Marauder  
  100  8:52  Marine x2  
  102  8:59  Supply Depot  
  102  9:21  Marine x2, Marauder  
  102  9:23  Supply Depot  
  106  9:45  Supply Depot  
Show
View Real Time Build Order
Export as new Build Order

A.I. 1 (Harder) Zerg 

Build Orders: Pool First 

Get SALT Encoding   

  12  0:01  Drone  
  13  0:12  Overlord  
  13  0:17  Drone  
  14  0:30  Drone x2  
  16  0:42  Spawning Pool  
  16  0:45  Drone  
  17  0:50  Drone  
  17  0:52  Extractor  
  17  0:55  Drone  
  17  1:06  Overlord  
  17  1:31  Zergling x2, Queen  
  20  1:38  Roach Warren, Drone  
  20  1:40  Extractor, Zergling x2  
  20  1:49  Drone  
  21  1:59  Drone  
  22  2:12  Drone  
  23  2:21  Overlord  
  23  2:32  Drone  
  24  2:37  Roach  
  26  2:46  Overlord  
  26  2:47  Roach  
  28  2:56  Roach  
  32  3:05  Roach  
  32  3:11  Overlord  
  32  3:15  Roach  
  34  3:24  Roach  
  36  3:33  Roach  
  38  3:43  Roach  
  38  3:44  Overlord  
  40  3:52  Roach  
  42  4:00  Drone  
  42  4:01  Roach  
  45  4:04  Drone  
  46  4:13  Roach, Drone x2  
  50  4:19  Overlord  
  50  4:25  Drone  
  51  4:35  Drone  
  51  4:36  Baneling Nest  
  51  4:43  Evolution Chamber  
  51  4:45  Roach, Drone x2  
  54  4:54  Roach  
  56  5:03  Roach  
  58  6:18  Zerg Melee Weapons Level 1, Overlord, Zergling x2, Lair  
  59  6:24  Zergling x2  
  59  6:25  Hatchery  
  59  6:29  Zergling x2  
  59  6:30  Metabolic Boost  
  60  6:43  Overlord  
  60  7:01  Zergling x2  
  60  7:11  Spore Crawler  
  59  7:15  Burrow  
  59  7:16  Spore Crawler  
  59  7:18  Infestation Pit  
  59  7:20  Hydralisk Den  
  56  7:36  Queen  
  58  7:37  Drone x2  
  58  7:38  Drone x2  
  58  7:39  Drone  
  58  7:44  Drone x4  
  51  7:45  Extractor  
  51  7:46  Drone  
  51  7:49  Hydralisk  
  39  7:56  Zergling x2  
  37  8:01  Roach  
  39  8:07  Zergling x2  
  39  8:08  Drone  
  39  8:12  Drone  
  42  8:13  Roach  
  42  8:15  Drone  
  42  8:18  Zergling x2  
  43  8:23  Zergling x4  
  43  8:26  Drone  
  40  8:27  Zergling x2  
  40  8:29  Zergling x2  
  36  8:35  Roach  
  36  8:40  Infestor  
  34  8:46  Hydralisk  
  33  8:56  Zergling x2  
  33  9:00  Zergling x4  
  33  9:02  Zergling x2  
  35  9:08  Hydralisk  
  37  9:10  Spawning Pool  
  37  9:16  Drone x2  
  18  9:43  Hatchery  
Tags
 
Composition
MMM Bio
League
Silver
Matchup
TvZ
Opening
Pool First
Spawn Locations
Cross Positions
Add a new tag
Caveats
  • Supply blocks, unpowered buildings, or Contaminate may cause inaccurate times.
  • Supply counts are checked every 10 seconds.